 Dungeon Crawl Stone Soup version 0.28.0-45-g0d030f2227 (webtiles) character file.

Game seed: 12079057668859566837

1549 101zpm the Thaumaturge (level 9, -1/56 HPs)
             Began as a Djinni Ice Elementalist on Apr 15, 2022.
             Slain by a hornet zombie (5 damage)
             ... on level 7 of the Dungeon.
             The game lasted 00:21:10 (8715 turns).

101zpm the Thaumaturge (Djinni Ice Elementalist)    Turns: 8715, Time: 00:21:12

Health: -1/56      AC: 12    Str:  7    XL:     9   Next: 12%
Gold:   304        EV: 13    Int: 21    God:
                   SH:  0    Dex: 14

rFire   + + .      SeeInvis .   y - +3 flail (protect)
rCold   x . .      Faith    .   (no shield)
rNeg    . . .      Spirit   .   a - +0 robe
rPois   ∞          Reflect  .   f - +0 helmet
rElec   .          Harm     .   (no cloak)
rCorr   .          Rampage  .   w - +0 pair of gloves
Will    .....                   (boots unavailable)
Stlth   ++........              (no amulet)
HPRegen 0.18/turn               (no ring)
MPRegen 0.00/turn               (no ring)

@: ice-armoured, freezing walls, flying
A: sickness immunity, fire resistance 2, cold vulnerability 1, float, innate
caster, HP casting, extra vitality 1
a: no special abilities


You were on level 7 of the Dungeon.
You visited 1 branch of the dungeon, and saw 7 of its levels.

You collected 304 gold pieces.

Inventory:

Hand Weapons
 d - a +0 hand axe
 y - a +3 flail of protection (weapon)
 A - the +8 hand axe of Ihej {vorpal, MP+9}
   (You found it on level 6 of the Dungeon)

   It inflicts extra damage upon your enemies.
   MP:        It affects your magic capacity (+9).
 D - a +0 short sword
Missiles
 B - 182 stones
 C - 36 bolts
 E - 79 arrows
Armour
 a - a +0 robe (worn)
 f - a +0 helmet (worn)
 w - a +0 pair of gloves (worn)
Jewellery
 u - an amulet of faith
 G - a ring of protection from fire
Wands
 F - a wand of iceblast (2)
Scrolls
 b - a scroll of fear {unknown}
 c - 2 scrolls of enchant armour {unknown}
 g - 2 scrolls of immolation {unknown}
 j - 2 scrolls of blinking {unknown}
 k - 3 scrolls of vulnerability {unknown}
 m - a scroll of noise {unknown}
 n - 2 scrolls of fog {unknown}
 p - 2 scrolls of identify {unknown}
 r - a scroll of summoning {unknown}
 s - 2 scrolls of teleportation {unknown}
 t - a scroll of holy word {unknown}
 H - a scroll of magic mapping {unknown}
Potions
 e - 2 potions of heal wounds {unknown}
 h - 4 potions of degeneration {unknown}
 i - 8 potions of curing {unknown}
 l - a potion of brilliance {unknown}
 o - a potion of haste {unknown}
 q - a potion of ambrosia {unknown}
 v - a potion of resistance {unknown}
 x - a potion of flight {unknown}
 z - 3 potions of mutation {unknown}


   Skills:
 + Level 0.4 Fighting
 + Level 0.4 Maces & Flails
 + Level 3.1 Dodging
 + Level 3.0 Stealth
 + Level 8.5 Spellcasting


You had 6 spell levels left.
You knew the following spells:

 Your Spells              Type           Power      Damage    Failure   Level
a - Freeze                Ice            100%       1d11      1%          1
b - Frozen Ramparts       Ice            88%        1d10      1%          3
c - Ozocubu's Armour      Ice            44%        N/A       1%          3
d - Hailstorm             Conj/Ice       44%        3d10      2%          4
e - Magic Dart            Conj           100%       1d8       1%          1
f - Blink                 Tloc           88%        N/A       1%          2
g - Static Discharge      Conj/Air       44%        N/A       1%          2
h - Summon Guardian Gole  Hex/Summ       44%        N/A       1%          3
Your spell library was empty.

Dungeon Overview and Level Annotations

Branches:
Dungeon (7/15)
 Temple: D:4-7

Altars:
Hepliaklqana
Qazlal
Ru
The Shining One

Shops:
D:6 :


Innate Abilities, Weirdness & Mutations

You are immune to sickness and miasma.
You are immune to poison.
Your flesh is very heat resistant. (rF++)
You are vulnerable to cold. (rC-)
You float through the air rather than walking.
You learn spells naturally, not from books.
Your magical power is your life essence.
You have superior vitality. (+4 MHP)


Message History

Press: ? - help, Q - select action, (/) - cycle Shift-Dir - straight line, f - hornet zombie
Aim: a hornet zombie (lightly damaged)
You freeze the hornet zombie but do no damage.
The hornet zombie completely resists.
The hornet zombie resists.
The wall freezes the hornet zombie.
The hornet zombie hits you!
* * * LOW HITPOINT WARNING * * *
Casting: Freeze (safe; 1% risk of failure)
Confirm with . or Enter, or press ? or * to list all spells.
The hornet zombie is struck by an arc of lightning.
The hornet zombie is moderately damaged.
You are struck by an arc of lightning.
* * * LOW HITPOINT WARNING * * *
The hornet zombie is struck by an arc of lightning.
The hornet zombie is moderately damaged.
The lightning grounds out.
* * * LOW HITPOINT WARNING * * *
The hornet zombie completely resists.
The wall freezes the hornet zombie but does no damage.
The hornet zombie closely misses you.
You barely miss the hornet zombie.
The hornet zombie is moderately damaged.
The hornet zombie resists.
The wall freezes the hornet zombie.
The hornet zombie hits you.
* * * LOW HITPOINT WARNING * * *
The hornet zombie resists.
The wall freezes the hornet zombie.
The hornet zombie hits you but does no damage.
You barely miss the hornet zombie.
The hornet zombie is moderately damaged.
The wall freezes the hornet zombie but does no damage.
The hornet zombie misses you.
The hornet zombie resists.
The wall freezes the hornet zombie.
The hornet zombie hits you.
* * * LOW HITPOINT WARNING * * *
Casting: Static Discharge (safe; 1% risk of failure)
Confirm with . or Enter, or press ? or * to list all spells.
Your icy armour thickens.
* * * LOW HITPOINT WARNING * * *
The hornet zombie resists.
The wall freezes the hornet zombie.
The hornet zombie hits you.
You die...

####
.....#########
............>###
####.##.##.....#
#. #.##.###.# #)
#.##.# # # #.
#.##.#
#.)#.##.##.#
#..)Z@..##.#
#..#.#####.# #
#. #....# #.
#..#####.# #.
#........# #.
#..####### #.
#..########## #.
#...........#
#.##..#####.


You could see a hornet zombie.

Vanquished Creatures
  Prince Ribbit (D:6)
  Sigmund (D:2)
  2 ogres
  Blork the orc (D:6)
  A bullfrog (D:7)
  A scorpion (D:6)
  A water moccasin zombie (D:6)
  A water moccasin skeleton (D:5)
  3 killer bees (D:7)
  5 wights (D:6)
  A bullfrog zombie (D:5)
  3 hounds (D:5)
  An orc priest (D:7)
  A bullfrog skeleton (D:6)
  Terence (D:3)
  An orc wizard (D:7)
  A hound skeleton (D:4)
  Robin (D:4)
  4 gnolls (D:4)
  5 adders
  An ufetubus (D:6)
  3 adder skeletons
  A worm (D:2)
  A dart slug (D:5)
  4 orcs (D:7)
  6 ball pythons
  An endoplasm (D:4)
  5 giant cockroaches
  5 hobgoblins
  4 jackals (D:1)
  4 quokkas
  A bat (D:2)
  3 frilled lizards (D:2)
  12 goblins
  4 kobolds
  2 rats (D:1)
93 creatures vanquished.

Notes
Turn   | Place    | Note
-------+----------+-------------------------------------------
     0 | D:1      | 101zpm the Djinni Ice Elementalist began the quest for the
                  | Orb.
     0 | D:1      | Reached XP level 1. HP: 15/15 MP: 0/0
   139 | D:2      | Reached XP level 2. HP: 16/21 MP: 0/0
   464 | D:3      | Noticed Robin
   502 | D:2      | Reached XP level 3. HP: 4/25 MP: 0/0
   502 | D:2      | Learned a level 1 spell: Magic Dart
  1257 | D:2      | Noticed Sigmund
  1633 | D:1      | Reached skill level 4 in Spellcasting
  2565 | D:1      | You are sucked into a shaft and drop 1 floor!
  3039 | D:3      | Reached XP level 4. HP: 23/31 MP: 0/0
  3272 | D:3      | Noticed Terence
  3845 | D:4      | Found a stormy altar of Qazlal.
  4418 | D:4      | Reached XP level 5. HP: 20/35 MP: 0/0
  4418 | D:4      | Learned a level 2 spell: Blink
  4642 | D:5      | Entered Level 5 of the Dungeon
  4705 | D:6      | Found Muopris's Book Shoppe.
  4711 | D:6      | Reached skill level 5 in Spellcasting
  4711 | D:6      | Reached XP level 6. HP: 30/40 MP: 0/0
  4939 | D:6      | Noticed Prince Ribbit
  4952 | D:6      | Killed Prince Ribbit
  4953 | D:6      | Reached XP level 7. HP: 19/45 MP: 0/0
  4953 | D:6      | Learned a level 2 spell: Static Discharge
  5169 | D:6      | Reached skill level 6 in Spellcasting
  5359 | D:6      | Noticed Blork the orc
  5366 | D:6      | Killed Blork the orc
  5679 | D:6      | Reached XP level 8. HP: 37/50 MP: 0/0
  5766 | D:6      | Reached skill level 7 in Spellcasting
  5874 | D:6      | Identified the +8 hand axe of Ihej {vorpal, MP+9}
  6157 | D:4      | Killed Robin
  6401 | D:1      | Found a faded altar of an unknown god.
  6649 | D:2      | Killed Sigmund
  7105 | D:3      | Killed Terence
  7584 | D:5      | Found a sacrificial altar of Ru.
  7640 | D:5      | Found a hazy altar of Hepliaklqana.
  8445 | D:7      | Reached skill level 8 in Spellcasting
  8489 | D:7      | Found a glowing golden altar of the Shining One.
  8611 | D:7      | Reached XP level 9. HP: 47/56 MP: 0/0
  8611 | D:7      | Learned a level 3 spell: Summon Guardian Golem
  8715 | D:7      | Slain by a hornet zombie

Illustrated notes

Levels and vault maps discovered:
D:1:      minmay_arrival_five_plusses, layout_loops_ring,
          chequers_ecumenical_altar_grove
D:2:      layout_loops_ring, uniq_sigmund
D:3:      layout_loops_cross, uniq_terence, uniq_robin
D:4:      layout_rooms, nicolae_qazlal_scattered_showers
D:5:      layout_basic, lemuel_tele_altar, nicolae_ru_awakened_eye
D:6:      layout_basic, serial_shops, shop, serial_park_tiny_pond,
          uniq_prince_ribbit1, uniq_blork_the_orc
D:7:      layout_basic, general_overflow_altar, nicolae_tso_carved_into_rock,
          minmay_temple_entry_offerings

Skill      XL: |  1  2  3  4  5  6  7  8 |
---------------+-------------------------+-----
Spellcasting   | 4 5 6 8 |  8.5
Stealth        | 2 3 |  3.0
Dodging        | 3 |  3.1
Fighting       | |  0.4
Maces & Flails | |  0.4

Action                   |  1- 3 |  4- 6 |  7- 9 || total
-------------------------+-------+-------+-------++-------
Melee: Flail             |       |     2 |    11 ||    13
 Cast: Freeze            |    21 |     1 |     1 ||    23
       Magic Dart        |    32 |    58 |    71 ||   161
       Frozen Ramparts   |    11 |     5 |    21 ||    37
       Ozocubu's Armour  |     1 |     5 |    13 ||    19
       Hailstorm         |       |     2 |       ||     2
       Static Discharge  |       |       |    15 ||    15
       Blink             |       |       |     2 ||     2
       Summon Guardian G |       |       |     2 ||     2
Armor: Robe              |     5 |     3 |    17 ||    25
Dodge: Dodged            |    17 |     4 |    31 ||    52
